 Dungeon Sprint DCSS version 0.29-a0-542-g075992c915 (webtiles) character file.

Game seed: 215410897914997188

638 mhtbhm the Protected (level 8, -2/78 HPs)
             Began as a Meteoran Fighter on June 4, 2022.
             Was an Initiate of Gozag.
             Slain by Sonja the hornet (12 damage)
             ... in the Dungeon (Sprint I: "Red Sonja").
             The game lasted 00:01:49 (824 turns).

mhtbhm the Protected (Meteoran Fighter)              Turns: 824, Time: 00:01:50

Health: -2/78      AC:  8    Str: 17    XL:     8   Next: 7%
Magic:  9/9        EV: 10    Int: 10    God:    Gozag
Gold:   342        SH:  7    Dex: 16    Spells: 7/7 levels left

rFire   . . .      SeeInvis .   a - +0 flail
rCold   . . .      Faith    .   c - +0 buckler
rNeg    . . .      Spirit   .   b - +0 scale mail
rPois   .          Reflect  .   (no helmet)
rElec   .          Harm     .   (no cloak)
rCorr   .          Rampage  .   (no gloves)
Will    +....      NoTele   +   (no boots)
Stlth   ..........              (no amulet)
HPRegen 0.23/turn               (no ring)
MPRegen 0.11/turn               (no ring)

@: lethally poisoned (-2 -> -7), slowed, glowing, very slow
A: sense surroundings 1, otherworldly, glowing, explore regen
a: Renounce Religion, Potion Petition, Call Merchant, Bribe Branch


You were in the Dungeon.
You worshipped Gozag.
Gozag was aware of your devotion.
You visited 1 branch You collected 342 gold pieces.

Inventory:

Hand Weapons
 a - a +0 flail (weapon)
Armour
 b - a +0 scale mail (worn)
 c - a +0 buckler (worn)
Wands
 i - a wand of polymorph (6)
Scrolls
 d - a scroll of identify {unknown}
Potions
 g - a potion of attraction {unknown}
 h - 2 potions of magic


   Skills:
 + Level 9.5 Fighting
 + Level 9.6 Maces & Flails
 + Level 10.6 Armour
 + Level 2.1 Dodging
 + Level 10.1 Shields


You had 7 spell levels left.
You didn't know any spells.
Your spell library was empty.

Dungeon Overview and Level Annotations

Branches:
Dungeon (1/1)

Altars:
Cheibriados
Dithmenos
Elyvilon
Fedhas
Gozag
Hepliaklqana
Kikubaaqudgha
Makhleb
Nemelex Xobeh
Okawaru
Qazlal
Ru
Sif Muna
Trog
Uskayaw
Vehumet
Wu Jian
Xom
Yredelemnul
Zin
The Shining One
Jiyva
Lugonu

Shops:
D *

Annotations:
D Sonja


Innate Abilities, Weirdness & Mutations

You passively map a small area around you.
You are easily found by Zot.
You glow in the dark.
You regain HP and MP as you explore.


Message History

Okay, then.
You feel much better. Sonja stings you but does no damage.
You hit Sonja but do no damage.
Sonja is moderately wounded.
Sonja stings you!
Aiming: Polymorph
Press: ? - help, Shift-Dir - straight line, f/p - Sonja
Aim: Sonja the cane toad (moderately wounded, will become a fire bat, a queen bee, or a hornet, chance to affect: 49%) Sonja resists with some effort.
Sonja barely misses you.
Unknown command.
Aiming: Polymorph
Press: ? - help, Shift-Dir - straight line, f/p - Sonja
Aim: Sonja the cane toad (moderately wounded, will become a fire bat, a queen bee, or a hornet, chance to affect: 49%) Sonja the cane toad evaporates and reforms as a hornet!
Sonja closely misses you.
Unknown command.
You hit Sonja but do no damage. Sonja stings you!
You suddenly lose the ability to move!
Sonja stings you.
* * * LOW HITPOINT WARNING * * *
You are poisoned.
You feel yourself slow down. Sonja barely misses you.
You feel very sick. Sonja stings you.
* * * LOW HITPOINT WARNING * * *
You feel as though you will be slow longer.
You can move again.
Unknown command.
Unknown command.
What are your orders? t - Shout!
Orders for allies: a - Attack new target. p - Attack previous target. r - Retreat! s - Stop attacking. g - Guard the area. f - Follow me.
Anything else - Cancel.
Okay, then.
Okay, then.
You feel sick. Sonja stings you!
You die...
Your body crumbles into a pile of gold.

#<.#..)..#.)'..#__#$$
, ,
#..)..#..'..#..'..+$$
#..#####'#####'#__# ,
#..####..#...#(####,
#..#__####..##.#≈≈
*$$ #..#_____##'#_.+
,, #⌠⌠#_.∩...'..._# ≈
, $$ ####_..__##_.#'#
$$#_____###@#.#$$, ,
$* * ####### #y### +
$ $* ,


+$)$ $$ $$+, ** + * #$.$#* * $ , , , ##.## , , * , , $#+#$ $ $ $ $*+ + * , , *$
$,$* * You could see Sonja the hornet.

Vanquished Creatures
  A slime creature (D)
  Sigmund (D)
  A yak (D)
  An ogre (D)
  A jelly (D)
  Ijyb (D)
6 creatures vanquished.

Notes
Turn   | Place    | Note
-------+----------+-------------------------------------------
     0 | D        | mhtbhm the Meteoran Fighter began the quest for the Orb.
     0 | D        | Reached XP level 1. HP: 19/19 MP: 2/2
     1 | D        | Noticed Ijyb
     8 | D        | Killed Ijyb
     9 | D        | Reached skill level 5 in Armour
     9 | D        | Reached skill level 5 in Shields
     9 | D        | Reached XP level 2. HP: 28/28 MP: 3/3
     9 | D        | Reached XP level 3. HP: 34/34 MP: 4/4
   136 | D        | Noticed an ogre
   140 | D        | Killed an ogre
   141 | D        | Reached skill level 5 in Maces & Flails
   141 | D        | Reached XP level 4. HP: 45/45 MP: 5/5
   141 | D        | Reached XP level 5. HP: 51/51 MP: 6/6
   144 | D        | Noticed Sigmund
   151 | D        | Killed Sigmund
   152 | D        | Reached skill level 1 in Dodging
   152 | D        | Reached XP level 6. HP: 44/61 MP: 7/7
   157 | D        | Found a shimmering blue altar of Sif Muna.
   158 | D        | Found an ornate altar of the Wu Jian Council.
   159 | D        | Found a radiant altar of Vehumet.
   163 | D        | Reached XP level 7. HP: 48/68 MP: 8/8
   166 | D        | Found Ecaukh's Assorted Antiques.
   166 | D        | Found an ancient bone altar of Kikubaaqudgha.
   166 | D        | Found a hazy altar of Hepliaklqana.
   166 | D        | Found a stormy altar of Qazlal.
   166 | D        | Found a hide-covered altar of Uskayaw.
   166 | D        | Found a blossoming altar of Fedhas.
   166 | D        | Found a bloodstained altar of Trog.
   166 | D        | Found an iron altar of Okawaru.
   166 | D        | Found a basalt altar of Yredelemnul.
   166 | D        | Found a glowing golden altar of the Shining One.
   166 | D        | Found a snail-covered altar of Cheibriados.
   166 | D        | Found a sacrificial altar of Ru.
   166 | D        | Found a glowing silver altar of Zin.
   166 | D        | Found a shadowy altar of Dithmenos.
   166 | D        | Found a white marble altar of Elyvilon.
   166 | D        | Noticed a yak
   173 | D        | Killed a yak
   174 | D        | Found an opulent altar of Gozag.
   175 | D        | Found a sparkling altar of Nemelex Xobeh.
   192 | D        | Became a worshipper of Gozag Ym Sagoz the Greedy
   205 | D        | Found a burning altar of Makhleb.
   205 | D        | Found a viscous altar of Jiyva.
   205 | D        | Found a shimmering altar of Xom.
   205 | D        | Found a corrupted altar of Lugonu.
   205 | D        | Noticed a slime creature
   585 | D        | Killed a slime creature
   586 | D        | Reached skill level 10 in Armour
   586 | D        | Reached skill level 10 in Shields
   586 | D        | Reached XP level 8. HP: 29/78 MP: 9/9
   810 | D        | Noticed Sonja
   811 | D        | Noticed Sonja
   811 | D        | Sonja changed into Sonja the cane toad
   820 | D        | Noticed Sonja
   820 | D        | Sonja the cane toad changed into Sonja the hornet
   821 | D        | Paralysed by Sonja for 2 turns
   824 | D        | Slain by Sonja the hornet

Illustrated notes

Levels and vault maps discovered:
D:        dungeon_sprint_1 [red_sonja_temple_1, red_sonja_temple_small_1]

Skill      XL: |  1  2  3  4  5  6  7 |
---------------+----------------------+-----
Fighting       | 4 6 8 9 |  9.5
Maces & Flails | 3 5 7 9 |  9.6
Armour         | 5 6 8 10 | 10.6
Shields        | 5 6 8 10 | 10.1
Dodging        | 1 2 |  2.1

Action                   |  1- 3 |  4- 6 |  7- 9 || total
-------------------------+-------+-------+-------++-------
Melee: Flail             |     9 |     7 |    33 ||    49
Evoke: Wand              |       |       |     3 ||     3
  Use: Potion            |     2 |       |     3 ||     5
       Scroll            |       |       |     1 ||     1
Armor: Scale mail        |       |     2 |     8 ||    10
Dodge: Dodged            |     3 |     2 |     6 ||    11
Block: Buckler           |     2 |     1 |     3 ||     6

Table legend: (Time is in decaauts)
 A = Elapsed time spent in this place.
 B = Non-inter-level travel time spent in this place.
 C = Inter-level travel time spent in this place.
 D = Time resting spent in this place.
 E = Time spent auto-exploring this place.
 F = Levels seen in this place.
 G = Mean time per level.
                   A        B        C        D        E       F      G
               +--------+--------+--------+--------+--------+-----+--------+
         Total |    812 |    812 |      0 |    610 |      1 |   1 |  812.0 |
       Dungeon |    812 |    812 |      0 |    610 |      1 |   1 |  812.0 |
               +--------+--------+--------+--------+--------+-----+--------+

Top non-repeatable levels by time:
       D: 812 daAuts
